AoeStats
← 白鹿城拉车车

MegaRandom

508620977Analyzed
4v4 RM · 8d ago on Sep 23, 2026· 15m 47s· 8 players
Game mode
Random Map
Map size
Large (8 player)
Population
200
Speed
Normal
Resources
Standard
Victory
Conquest
Starting age
Dark Age
Ending age
Imperial Age
RankedLock teamsTeams togetherTeam positionsShared explorationLock speedFull tech treeHidden civsTurbo modeCheats
Victory
Defeat
🇨🇳 Saxons · China
1340
+10
🇭🇰 Varangians · Hong Kong SAR China
1060
+20
🇭🇰 Danes · Hong Kong SAR China
1059
+20
🇭🇰 Malay · Hong Kong SAR China
1058
+21
🇧🇩 Huns · Bangladesh
1207
-19
🇲🇽 Malay · Mexico
1174
-18
🇨🇳 Spanish · China
1168
-18
🇩🇪 Danes · Germany
1136
-16
b² - 4ac
1:00 Loom
10:42 Feudal Age
9:57 Man-at-Arms
13:53 Arson
Hakuna Yoken
4:56 Loom
9:51 Feudal Age
10:21 Double-Bit Axe
13:19 Fletching
我很牛逼
11:18 Feudal Age
15:33 Castle Age
13:19 Loom
14:08 Double-Bit Axe
CumansCumin
9:07 Loom
10:53 Feudal Age
15:23 Castle Age
13:10 Double-Bit Axe
13:07 Horse Collar
14:16 Gold Mining
14:37 Scale Barding Armor
15:37 Bloodlines
谷得超勁
11:41 Feudal Age
15:18 Castle Age
15:01 Double-Bit Axe
Majorian
5:56 Loom
8:29 Loom
10:55 Feudal Age
12:13 Double-Bit Axe
12:38 Horse Collar
13:14 Town Watch
15:41 Fletching
Humetsang
9:21 Feudal Age
11:56 Fletching
白鹿城拉车车
7:31 Loom
9:39 Feudal Age
10:40 Double-Bit Axe
11:25 Horse Collar
Connection lost

Rejoining the realm…

Still unreachable

The connection could not be restored.

Session expired

The server has moved on; the page needs a fresh start.